 Dungeon Crawl Stone Soup version 0.32-a0-12-g7fc57aa741 (webtiles) character file.

Game seed: 8828208106081564443

637 porpoise the Conjurer (level 7, -1/37 HPs)
             Began as a Gargoyle Fire Elementalist on Jan 12, 2024.
             Was a Follower of Sif Muna.
             Slain by Maggie
             ... wielding a +2 war axe of draining
              (6 damage)
             ... on level 6 of the Dungeon on Jan 15, 2024.
             The game lasted 00:31:53 (6922 turns).

porpoise the Conjurer (Gargoyle Fire Elementalist)  Turns: 6922, Time: 00:31:54

Health: -1/37      AC: 10    Str: 12    XL:     7   Next: 50%
Magic:  0/12       EV: 12    Int: 17    God:    Sif Muna [*.....]
Gold:   349        SH:  0    Dex: 16    Spells: 0/12 levels left

rFire   + . .        a - staff of fire
rCold   . . .        (no shield)
rNeg    + . .        c - +0 robe
rPois   ∞            e - +1 helmet
rElec   +            F - +0 cloak
rCorr   +            (no gloves)
SInv    .            t - +0 pair of boots
Will    .....        (no amulet)
Stlth   ++           d - ring of resist corrosion
HPRegen 0.26/turn    y - +6 ring of dexterity
MPRegen 0.13/turn

%: no passive effects
@: mesmerised
A: sickness immunity, AC +4, negative energy resistance 1, electricity
resistance, torment resistance 1, petrification resistance
a: Renounce Religion, Channel Magic


You were on level 6 of the Dungeon.
You worshipped Sif Muna.
Sif Muna was aware of your devotion.
You visited 2 branches of the dungeon, and saw 7 of its levels.

You collected 349 gold pieces.

Inventory:

Hand Weapons
 b - a +1 short sword of protection
Missiles
 o - 10 poisoned darts
Armour
 c - a +0 robe (worn)
 e - a +1 helmet (worn)
 t - a +0 pair of boots (worn)
 A - a +2 scale mail of fire resistance
 F - a +0 cloak (worn)
Magical Staves
 a - a staff of fire (weapon)
 E - a staff of air
Jewellery
 d - a ring of resist corrosion (left hand)
 p - a +6 ring of strength
 y - a +6 ring of dexterity (right hand)
 B - an amulet of guardian spirit
Talismans
 f - a flux talisman
Wands
 i - a wand of roots (9)
Scrolls
 h - a scroll of blinking {unknown}
 k - 2 scrolls of enchant armour
 m - a scroll of enchant weapon
 r - a scroll of revelation
 u - a scroll of fog {unknown}
 w - a scroll of amnesia {unknown}
 x - a scroll of poison {unknown}
 D - a scroll of brand weapon {unknown}
 G - a scroll of silence {unknown}
Potions
 g - 2 potions of magic
 j - 5 potions of curing
 l - a potion of might {unknown}
 n - a potion of mutation
 q - a potion of invisibility
 s - 3 potions of brilliance
 v - a potion of haste
 z - a potion of heal wounds
 C - a potion of cancellation {unknown}


   Skills:
 - Level 0.7 Fighting
 - Level 1.5 Dodging
 - Level 2.1 Stealth
 + Level 3.4 Spellcasting
 * Level 6.4 Conjurations
 + Level 5.0 Fire Magic


You couldn't memorise any spells.
You knew the following spells:

 Your Spells              Type           Power      Damage    Failure   Level
a - Foxfire               Conj/Fire      100%       2x1d9     1%          1
b - Searing Ray           Conj           48%        2d6       1%          2
s - Scorch                Fire           58%        2d7       3%          2
v - Volatile Blastmotes   Fire/Tloc      34%        2d12      19%         3
z - Fulminant Prism       Conj/Alch      6%         3d7       41%         4

Your spell library contained the following spells:

 Spells                   Type           Power      Damage    Failure   Level
 Magic Dart               Conj           96%        1d7       1%          1
 Flame Wave               Conj/Fire      33%        2d10      16%         4
 Inner Flame              Hex/Fire       17%        N/A       19%         3
 Call Imp                 Summ           4%         N/A       26%         2
 Iskenderun's Mystic Bla  Conj/Tloc      13%        2d5       41%         4
 Summon Hydra             Summ           1%         N/A       100%        7
 Sublimation of Blood     Necr           Unusable   N/A       N/A         2

Dungeon Overview and Level Annotations

Branches:
Dungeon (6/15)             Temple (1/1) D:4

Altars:
Ashenzari
Cheibriados
Dithmenos
Elyvilon
Fedhas
Gozag
Hepliaklqana
Kikubaaqudgha
Makhleb
Nemelex Xobeh
Okawaru
Qazlal
Ru
Sif Muna
Trog
Uskayaw
Vehumet
Wu Jian
Xom
Yredelemnul
Zin
The Shining One

Shops:
D:2 =

Annotations:
D:6 Maggie


Innate Abilities, Weirdness & Mutations

You are immune to sickness and miasma.
Your stone body is resilient. (AC +4)
You are immune to poison.
You resist negative energy. (rN+)
You are resistant to electric shocks. (rElec)
You are resistant to unholy torment.
You are immune to petrification.


Message History

Aiming: Searing Ray (safe; 1% risk of failure)
Press: ? - help, Shift-Dir - straight line, f/p - Maggie
Aim: Maggie, wielding a +2 war axe of draining and wearing +0 swamp dragon scales (moderately wounded, more vulnerable to fire, 82% to hit)
The searing ray misses Maggie. (Press . to maintain the ray.) Maggie closely misses you.
The searing ray hits Maggie.
Maggie is moderately wounded.
Maggie says, "Fear not.
I will immortalise you in the tale of my first kill."
Maggie barely misses you.
The searing ray misses Maggie.
Maggie is no longer more vulnerable to fire.
An orc comes into view. It is wielding a +0 hand axe.
Maggie casts a spell.
Maggie attempts to bespell you!
You are mesmerised by Maggie!
The searing ray hits Maggie.
Maggie is moderately wounded.
You finish channelling your searing ray.
Maggie hits you with a +2 war axe of draining.
* * * LOW HITPOINT WARNING * * *
Casting: Searing Ray (safe; 1% risk of failure)
Confirm with . or Enter, or press ? or * to list all spells.
You don't have enough magic to cast this spell.
Casting: Searing Ray (safe; 1% risk of failure)
Confirm with . or Enter, or press ? or * to list all spells.
You feel a surge of power!
You conjure some foxfire!
Maggie barely misses you.
You cannot move away from Maggie!
There are monsters nearby!
You cannot move away from Maggie!
Unknown command.
You barely miss Maggie.
Maggie is moderately wounded.
Maggie hits you with a +2 war axe of draining.
* * * LOW HITPOINT WARNING * * *
You cannot move away from Maggie!
You barely miss Maggie.
Maggie is moderately wounded.
Maggie hits you with a +2 war axe of draining.
You die...

.# #. .#
#.##.#
##....#
#..#..#
##..#..#
...#<.#
#.#.#o#v.#
#..))@@v.#
###.###.##
#... #####


You could see Maggie (mesmerising, ally target) and an orc.

Vanquished Creatures
  A black bear (D:4)
  A scorpion (D:5)
  An orc priest (D:5)
  A bombardier beetle (D:5)
  A hound (D:5)
  4 jellies (D:5)
  2 iguanas
  Terence (D:3)
  A sleepcap (D:5)
  6 adders
  4 ufetubi (D:5)
  A ribbon worm (D:2)
  6 dart slugs
  7 orcs
  9 endoplasms
  4 giant cockroaches
  10 goblins
  5 hobgoblins
  6 jackals
  8 kobolds
  3 quokkas
  3 ball pythons
  5 bats
  6 frilled lizards
  8 rats
104 creatures vanquished.

Vanquished Creatures (others)
  250 foxfires
250 creatures vanquished.

Grand Total: 354 creatures vanquished

Notes
Turn   | Place    | Note
-------+----------+-------------------------------------------
     0 | D:1      | porpoise the Gargoyle Fire Elementalist began the quest for
                  | the Orb.
     0 | D:1      | Reached XP level 1. HP: 10/10 MP: 3/3
   245 | D:1      | Reached XP level 2. HP: 14/15 MP: 0/5
   867 | D:1      | Learned a level 2 spell: Scorch
   923 | D:1      | Reached XP level 3. HP: 15/19 MP: 4/6
   971 | D:1      | Learned a level 2 spell: Searing Ray
  1239 | D:1      | Reached skill level 2 in Conjurations
  2074 | D:2      | Found Owank's One-of-a-Kind Rings.
  2119 | D:2      | Reached XP level 4. HP: 24/24 MP: 1/8
  3913 | D:3      | Noticed Terence
  3925 | D:3      | Killed Terence
  3926 | D:3      | Reached skill level 3 in Conjurations
  3926 | D:3      | Reached XP level 5. HP: 21/28 MP: 0/9
  4516 | D:4      | Identified the +0 scale mail "Lejimec" {rF+}
  4538 | D:4      | Found a staircase to the Ecumenical Temple.
  4552 | D:4      | Found an opulent altar of Gozag.
  4607 | D:4      | Noticed a black bear
  4615 | D:4      | Killed a black bear
  4616 | D:4      | Reached skill level 4 in Conjurations
  4616 | D:4      | Reached XP level 6. HP: 13/33 MP: 0/10
  4703 | Temple   | Entered the Ecumenical Temple
  4751 | Temple   | Became a worshipper of Sif Muna the Loreminder
  4828 | D:4      | Found a bloodstained altar of Trog.
  5574 | D:5      | Entered Level 5 of the Dungeon
  5585 | D:5      | Reached skill level 5 in Conjurations
  5992 | D:5      | Reached skill level 5 in Fire Magic
  5992 | D:5      | Reached XP level 7. HP: 37/37 MP: 8/11
  5996 | D:5      | Learned a level 3 spell: Volatile Blastmotes
  6001 | D:5      | Learned a level 4 spell: Fulminant Prism
  6214 | D:5      | Reached skill level 6 in Conjurations
  6236 | D:5      | Reached * piety under Sif Muna
  6903 | D:5      | Upgraded the game from 0.31-a0-1626-g5cb510d322 to
                  | 0.32-a0-12-g7fc57aa741
  6907 | D:6      | Noticed Maggie
  6922 | D:6      | Slain by Maggie

Illustrated notes

Levels and vault maps discovered:
D:1:      dreamdust_arrival_sigmund_warning, layout_loops_ring
D:2:      layout_loops_ring, nicolae_shop_unique_rings
D:3:      layout_basic, corexii_hall_statues_s, uniq_terence
D:4:      layout_basic, amcnicky_altar_gilded, nicolae_gozag_seed_capital,
          minmay_temple_entry_statues_pillars, kennysheep_generic_room_6
D:5:      layout_cave_pools
D:6:      layout_loops_ring, gammafunk_ghost_nasty_kobolds,
          kennysheep_minor_cross, dk_noncrumbling_4,
          amcnicky_mini_corridor_feature, uniq_maggie
Temple:   nicolae_temple_slightly_damp_pantheon

Skill      XL: |  1  2  3  4  5  6  7 |
---------------+----------------------+-----
Conjurations   | 2 3 4 5 6 |  6.4
Spellcasting   | 3 |  3.4
Fire Magic     | 4 5 |  5.0
Fighting       | |  0.7
Dodging        | |  1.5
Stealth        | |  2.1

Action                     |  1- 3 |  4- 6 |  7- 9 || total
---------------------------+-------+-------+-------++-------
  Melee: Unarmed           |    15 |       |       ||    15
         Dagger            |    30 |       |       ||    30
         Staff             |     9 |    10 |     2 ||    21
         Short sword       |       |     1 |       ||     1
   Cast: Foxfire           |    56 |    72 |    27 ||   155
         Searing Ray       |     2 |     5 |     5 ||    12
         Scorch            |     1 |    14 |     1 ||    16
    Use: Scroll            |     1 |     8 |     2 ||    11
 Armour: Robe              |    39 |    37 |    25 ||   101
  Dodge: Dodged            |    43 |    19 |    27 ||    89

Table legend: (Time is in decaauts)
 A = Elapsed time spent in this place.
 B = Non-inter-level travel time spent in this place.
 C = Inter-level travel time spent in this place.
 D = Time resting spent in this place.
 E = Time spent auto-exploring this place.
 F = Levels seen in this place.
 G = Mean time per level.
                   A        B        C        D        E       F      G
               +--------+--------+--------+--------+--------+-----+--------+
         Total |   6916 |   6779 |    137 |   2797 |   3078 |   7 |  988.0 |
       Dungeon |   6848 |   6756 |     92 |   2797 |   3078 |   6 | 1141.3 |
        Temple |     67 |     22 |     45 |      0 |      0 |   1 |   67.0 |
               +--------+--------+--------+--------+--------+-----+--------+

Top non-repeatable levels by time:
     D:1: 1793 daAuts
     D:3: 1479 daAuts
     D:4: 1406 daAuts
     D:5: 1153 daAuts
     D:2: 1001 daAuts
  Temple: 67 daAuts
     D:6: 15 daAuts
